 Dungeon Crawl Stone Soup version 0.29.1-2-gbd0b4ee654 (webtiles) character file.

Game seed: 12777613215148011067

737 Mune the Covered (level 7, -1/61 HPs)
             Began as a Minotaur Berserker on Nov 25, 2022.
             Was a Believer of Trog.
             Slain by Duvessa
             ... wielding a +0 short sword
              (19 damage)
             ... on level 4 of the Dungeon.
             The game lasted 00:13:54 (3540 turns).

Mune the Covered (Minotaur Berserker)               Turns: 3540, Time: 00:13:55

Health: -1/61      AC:  0    Str: 24    XL:     7   Next: 46%
Magic:  6/6        EV: 20    Int:  4    God:    Trog [**....]
Gold:   257        SH:  0    Dex: 14    Spells: 6/6 levels left

rFire   . . .      SeeInvis .   (weapon currently unavailable)
rCold   . . .      Faith    .   (shield currently unavailable)
rNeg    . . .      Spirit   .   (body armour currently unavailable)
rPois   .          Reflect  .   (helmet currently unavailable)
rElec   .          Harm     .   (cloak currently unavailable)
rCorr   .          Rampage  .   (gloves currently unavailable)
Will    .....                   (boots currently unavailable)
Stlth   +.........              (no amulet)
HPRegen 0.20/turn               (ring currently unavailable)
MPRegen 0.10/turn               (ring currently unavailable)

@: bat-form, on berserk cooldown, flying, slowed, quick
A: fast, flying, no casting, tiny, (horns 2), (retaliatory headbutt)
a: Renounce Religion, Berserk, Trog's Hand


You were on level 4 of the Dungeon.
You worshipped Trog.
Trog was pleased with you.
You were a bat.
You visited 1 branch of the dungeon, and saw 4 of its levels.
You also visited: Sewer.

You collected 257 gold pieces.

Inventory:

Hand Weapons
 a - a +0 hand axe
 f - a +0 dagger
 i - a +0 dagger
 l - a +1 dagger of venom
 x - a +0 falchion
 z - a +0 vorpal flail (melded) {Flail}
 D - a +0 dagger of speed
Missiles
 g - 39 stones (quivered)
Armour
 b - a +0 animal skin
 c - a +0 ring mail
 m - a +0 ring mail
 q - a +0 ring mail
 u - a +0 scale mail
 E - a +0 ring mail
 F - a +0 plate armour (melded)
 G - a +0 chain mail
 J - a +3 leather armour of poison resistance
Jewellery
 r - a +4 ring of evasion (melded)
 C - a +4 ring of evasion (melded)
Wands
 A - a wand of flame (3)
Scrolls
 e - a scroll of enchant armour {unknown}
 h - 3 scrolls of teleportation
 j - 2 scrolls of noise {unknown}
 k - a scroll of vulnerability {unknown}
 t - a scroll of identify {unknown}
 v - a scroll of summoning {unknown}
 w - 4 scrolls of blinking
 y - 3 scrolls of magic mapping {unknown}
Potions
 d - 3 potions of cancellation {unknown}
 n - a potion of mutation {unknown}
 o - 2 potions of brilliance {unknown}
 p - 2 potions of haste {unknown}
 s - 2 potions of magic {unknown}
 B - a potion of curing {unknown}
 H - a potion of attraction {unknown}
 I - 2 potions of heal wounds {unknown}


   Skills:
 + Level 5.2 Fighting
 + Level 2.8(3.1) Short Blades
 + Level 2.2(3.0) Long Blades
 + Level 5.0 Axes
 + Level 6.4 Armour
 + Level 4.1 Dodging
 + Level 0.3 Stealth


You had 6 spell levels left.
You didn't know any spells.
Your spell library contained the following spells:

 Spells                   Type           Power      Damage    Failure   Level
 Blink                    Tloc           0%         N/A       65%         2
 Static Discharge         Conj/Air       0%         3-3/arc   65%         2
 Dispel Undead            Necr           0%         3d6       99%         4
 Sticky Flame             Conj/Fire      0%         2d3       99%         4
 Manifold Assault         Tloc           0%         N/A       100%        5
 Storm Form               Tmut/Air       0%         N/A       100%        7


Dungeon Overview and Level Annotations

Branches:
Dungeon (4/15)              Sewer (visited)
 Temple: D:4-7

Altars:
Sif Muna
Trog
Zin

Annotations:
D:4 Duvessa


Innate Abilities, Weirdness & Mutations

You are a bat.
You are tiny and dextrous.
You move quickly.
You are flying.
Your equipment is almost entirely melded.
You are incapable of wielding weapons or throwing items.
You cannot cast spells.
((You have a pair of horns on your head.))
((You reflexively headbutt those who attack you in melee.))


Message History

Dowan is moderately wounded.
Duvessa hits you with a +0 short sword! Dowan hits you with a +0 dagger.
You barely miss Dowan.
Dowan is moderately wounded.
You barely miss Dowan.
Dowan is moderately wounded.
Dowan points at you and mumbles some strange words.
The puff of flame hits you! Duvessa completely misses you.
You bite Dowan!
Dowan is almost dead.
Dowan hits you with a +0 dagger. Duvessa hits you with a +0 short sword.
You barely miss Dowan.
Dowan is almost dead.
You bite Dowan!
You kill Dowan!
Trog accepts your kill.
Trog appreciates your killing of a magic user.
Duvessa screams in rage.
Duvessa goes berserk!
Duvessa barely misses you.
You are no longer berserk.
You are exhausted.
You feel yourself slow down.
You hit Duvessa but do no damage.
Duvessa is severely wounded.
Duvessa completely misses you. Duvessa closely misses you.
You hit Duvessa but do no damage.
Duvessa is severely wounded.
Duvessa misses you. Duvessa completely misses you.
You hit Duvessa but do no damage.
Duvessa is severely wounded.
Duvessa hits you with a +0 short sword. Duvessa closely misses you.
You barely miss Duvessa.
Duvessa is severely wounded.
Duvessa closely misses you. Duvessa hits you with a +0 short sword!
You hit Duvessa.
Duvessa is severely wounded.
Duvessa hits you with a +0 short sword!
* * * LOW HITPOINT WARNING * * *
Duvessa hits you with a +0 short sword!!
You die...

#####
#[..######.#
#.#...be..#
#...##.###.#
##.###)# #.#
#.# #.# #.#
#.# #.. #.#
### #.# #.#


You could see Duvessa (berserk).

Vanquished Creatures
  Edmund (D:4)
  A sky beast (D:4)
  A bullfrog (Sewer)
  A necrophage (D:4)
  Dowan (D:4)
  2 orc priests (D:3)
  2 orc wizards (D:4)
  3 gnolls (D:4)
  7 adders
  3 worms
  2 dart slugs (D:1)
  8 orcs
  20 ball pythons
  A bat (D:3)
  13 endoplasms
  16 giant cockroaches
  4 goblins
  2 hobgoblins
  6 jackals
  4 kobolds
  7 quokkas
  9 frilled lizards
  5 rats
119 creatures vanquished.

Notes
Turn   | Place    | Note
-------+----------+-------------------------------------------
     0 | D:1      | Mune the Minotaur Berserker began the quest for the Orb.
     0 | D:1      | Reached XP level 1. HP: 19/19 MP: 0/0
    60 | D:1      | Reached XP level 2. HP: 27/27 MP: 1/1
   768 | D:2      | Reached XP level 3. HP: 27/33 MP: 2/2
   773 | D:2      | Reached skill level 3 in Armour
  1108 | D:2      | Reached skill level 1 in Short Blades
  1490 | D:2      | Reached ** piety under Trog
  1574 | D:3      | Reached XP level 4. HP: 25/40 MP: 3/3
  1770 | D:3      | Reached skill level 5 in Axes
  1794 | D:3      | Found a glowing drain.
  1800 | Sewer    | Entered a sewer
  1873 | Sewer    | Reached XP level 5. HP: 47/47 MP: 4/4
  2076 | Sewer    | Reached skill level 4 in Armour
  2269 | D:3      | Reached XP level 6. HP: 55/55 MP: 5/5
  2362 | D:3      | Found a bloodstained altar of Trog.
  3093 | D:4      | Found a glowing silver altar of Zin.
  3137 | D:4      | Reached skill level 5 in Armour
  3205 | D:4      | Noticed a sky beast
  3214 | D:4      | Killed a sky beast
  3215 | D:4      | Reached skill level 5 in Fighting
  3215 | D:4      | Reached skill level 1 in Long Blades
  3350 | D:4      | Noticed Edmund
  3359 | D:4      | Killed Edmund
  3360 | D:4      | Reached skill level 6 in Armour
  3360 | D:4      | Reached XP level 7. HP: 61/61 MP: 6/6
  3451 | D:4      | Found a shimmering blue altar of Sif Muna.
  3521 | D:4      | Noticed Duvessa
  3521 | D:4      | Noticed Dowan
  3534 | D:4      | Killed Dowan
  3540 | D:4      | Slain by Duvessa

Illustrated notes

Levels and vault maps discovered:
D:1:      dpeg_arrival_orchard, layout_rooms
D:2:      layout_loops_cross, minmay_distorted
D:3:      layout_loops_ring, mainiacjoe_overflow_cross_hatched,
          gup_sewer_entry_spiral
D:4:      layout_loops_corners, mainiacjoe_overflow_six_doors_small,
          mainiacjoe_overflow_catch_the_wave, glass_columns_c,
          chequers_mini_garden, minmay_cut_off, uniq_duvessa,
          uniq_blork_the_orc, uniq_edmund

Skill      XL: |  1  2  3  4  5  6  7 |
---------------+----------------------+-----
Axes           | 4 5 |  5.0
Fighting       | 4 5 |  5.2
Armour         | 3 4 6 |  6.4
Short Blades   | 1 2 |  2.8
Dodging        | 3 4 |  4.1
Long Blades    | 2 |  2.2
Stealth        | |  0.3

Action                   |  1- 3 |  4- 6 |  7- 9 || total
-------------------------+-------+-------+-------++-------
Melee: Hand axe          |    43 |       |       ||    43
       Headbutt          |     9 |    26 |     1 ||    36
       Punch             |     1 |     2 |       ||     3
       Dagger            |    40 |   162 |       ||   202
       Falchion          |       |    51 |    10 ||    61
       Unarmed           |       |       |    13 ||    13
       Flail             |       |       |     2 ||     2
Invok: Berserk           |     3 |     9 |     1 ||    13
       Trog's Hand       |     1 |     6 |       ||     7
  Use: Scroll            |       |     1 |       ||     1
Armor: Ring mail         |    34 |     1 |       ||    35
       Scale mail        |       |    58 |       ||    58
       Plate armour      |       |    16 |     2 ||    18
Dodge: Dodged            |    50 |   184 |    21 ||   255
